 Dungeon Crawl Stone Soup version 0.28.0-53-g5a82cb258f (webtiles) character file.

Game seed: 289864098235280226

245 Tirrikindir the Shield-Bearer (level 6, 0/42 HPs)
             Began as an Octopode Fighter on Aug 22, 2022.
             Was a Believer of Vehumet.
             Slain by Pikel
             ... wielding a +0 whip of freezing
              (6 damage)
             ... on level 4 of the Dungeon.
             The game lasted 00:09:27 (3287 turns).

Tirrikindir the Shield-Bearer (Octopode Fighter)    Turns: 3287, Time: 00:09:27

Health: 0/42       AC:  1    Str: 15    XL:     6   Next: 10%
Magic:  9/9        EV: 13    Int: 13    God:    Vehumet [**....]
Gold:   162        SH:  4    Dex: 11    Spells: 8/9 levels left

rFire   . . .      SeeInvis .   e - +2 dagger (freeze)
rCold   . . .      Faith    .   b - +0 buckler
rNeg    + . .      Spirit   .   (helmet restricted)
rPois   .          Reflect  .   p - amulet of magic regeneration
rElec   .          Harm     .   o - ring of positive energy
rCorr   .          Rampage  .   (no ring)
Will    .....                   (no ring)
Stlth   +++.......              (no ring)
HPRegen 0.14/turn               (no ring)
MPRegen 0.51/turn               (no ring)
                                (no ring)
                                (no ring)

@: no status effects
A: almost no armour, amphibious, 8 rings, camouflage 1, gelatinous body 1,
(nimble swimmer 1), tentacles
a: Renounce Religion


You were on level 4 of the Dungeon.
You worshipped Vehumet.
Vehumet was pleased with you.
You visited 1 branch of the dungeon, and saw 4 of its levels.

You collected 162 gold pieces.

Inventory:

Hand Weapons
 a - a +0 long sword
 e - a +2 dagger of freezing (weapon)
Armour
 b - a +0 buckler (worn)
Magical Staves
 g - a staff of air
Jewellery
 o - a ring of positive energy (left tentacle)
 p - an amulet of magic regeneration (around mantle)
Wands
 q - a wand of iceblast (14)
Scrolls
 f - a scroll of enchant armour {unknown}
 i - a scroll of summoning
 l - a scroll of brand weapon {unknown}
 m - a scroll of noise {unknown}
 n - a scroll of amnesia
 r - a scroll of vulnerability {unknown}
Potions
 c - a potion of might
 d - a potion of lignification
 h - a potion of magic
 j - a potion of heal wounds
 k - a potion of ambrosia


   Skills:
 + Level 3.4 Fighting
 - Level 2.2 Long Blades
 + Level 1.0 Staves
 + Level 3.4 Dodging
 + Level 2.3 Stealth
 + Level 3.5 Shields
 * Level 2.0 Spellcasting
 * Level 2.0 Ice Magic
 * Level 1.7 Air Magic
 * Level 0.5 Evocations


You had 8 spell levels left.
You knew the following spells:

 Your Spells              Type           Power      Damage    Failure   Level
a - Freeze                Ice            24%        1d5       14%         1

Your spell library contained the following spells:

 Spells                   Type           Power      Damage    Failure   Level
 Sandblast                Erth           2%         2d4       32%         1
 Summon Lightning Spire   Summ/Air       3%         N/A       93%         4
 Summon Cactus Giant      Summ           0%         N/A       100%        6
 Monstrous Menagerie      Summ           0%         N/A       100%        7
 Spellforged Servitor     Conj/Summ      0%         N/A       100%        7


Dungeon Overview and Level Annotations

Branches:
Dungeon (4/15)
 Temple: D:4-7

Altars:
Elyvilon
Fedhas
Vehumet
Xom

Annotations:
D:4 Pikel


Innate Abilities, Weirdness & Mutations

You cannot wear most types of armour.
You are amphibious.
You can wear up to eight rings at the same time.
Your skin changes colour to match your surroundings (Stealth+).
Your rubbery body absorbs attacks. (AC +1, EV +1)
((You are camouflaged when in or above water. (Stealth+)))
You have tentacles for arms and can constrict up to eight enemies at once.


Message History

Pikel cracks his whip.
Pikel closely misses you.
The lemure shouts!
You hit Pikel. You freeze Pikel. Your grab misses Pikel.
Pikel is lightly wounded.
Pikel closely misses you.
You completely miss Pikel. You grab Pikel. You squeeze Pikel, but do no damage.
Pikel is lightly wounded.
You constrict Pikel, but do no damage. Pikel completely misses you.
You hit Pikel. You freeze Pikel.
Pikel is lightly wounded.
You constrict Pikel.
Pikel cracks his whip.
You block Pikel's attack.
You barely miss Pikel.
Pikel is lightly wounded.
You constrict Pikel, but do no damage.
The yak bellows!
You hit Pikel. You freeze Pikel. You squeeze Pikel, but do no damage.
Pikel is moderately wounded.
You constrict Pikel. You block Pikel's attack.
You completely miss Pikel. You squeeze Pikel, but do no damage.
Pikel is moderately wounded.
You constrict Pikel.
Pikel hits you with a +0 whip of freezing!
Pikel freezes you. You block the yak's attack.
You hit Pikel but do no damage. You squeeze Pikel.
Pikel is heavily wounded.
You constrict Pikel.
Pikel hits you with a +0 whip of freezing.
Pikel freezes you. The yak gores you.
You hit Pikel. You freeze Pikel. Your squeeze misses Pikel.
Pikel is severely wounded.
You constrict Pikel. Pikel misses you.
You hit Pikel. You freeze Pikel.
Pikel is almost dead.
You constrict Pikel. The yak gores you!
* * * LOW HITPOINT WARNING * * *
Pikel hits you with a +0 whip of freezing.
You die...

#.##...§...##....≈§♣♣♣.♣.§..#
#.##._.≈._.##....≈§.....§≈..#
#..#...≈...#.....≈.≈≈≈≈≈≈≈..##
##.'########.#................
..
#.....<#..........###.....####
.. #.######...#...#..#
#####..... ...P.# #...##..#..#
###### .PP).# #..........#
P♣♣♣.# #..###@>##.# ..♣P.#
#...5K#Y##.#
.♣PP.#######.##5#.##.#
.......... ...#.#Y##.#
....########..#.#.##.#
.#............#..<...#
.############.#.#'##### .#
#..........#.Y...... .#
#.####...Y..........


You could see Pikel, 2 yaks and 2 lemures.

Vanquished Creatures
  A lemure (D:4)
  An orc priest (D:3)
  Crazy Yiuf (D:3)
  Jessica (D:3)
  Ijyb (D:4)
  8 adders
  2 worms
  A dart slug (D:1)
  5 orcs
  6 ball pythons
  4 endoplasms
  4 giant cockroaches
  3 hobgoblins
  3 jackals (D:1)
  2 quokkas
  2 bats (D:3)
  3 frilled lizards
  3 goblins
  8 kobolds
  4 rats
63 creatures vanquished.

Vanquished Creatures (others)
  4 fungi (D:3)
  14 plants (D:4)
18 creatures vanquished.

Grand Total: 81 creatures vanquished

Notes
Turn   | Place    | Note
-------+----------+-------------------------------------------
     0 | D:1      | Tirrikindir the Octopode Fighter began the quest for the
                  | Orb.
     0 | D:1      | Reached XP level 1. HP: 16/16 MP: 1/1
    47 | D:1      | Found a faded altar of an unknown god.
    58 | D:1      | Reached XP level 2. HP: 17/21 MP: 2/2
    59 | D:1      | Prayed at the altar of an unknown god.
    59 | D:1      | Became a worshipper of Vehumet
    59 | D:1      | Reached * piety under Vehumet
    59 | D:1      | Offered knowledge of Freeze by Vehumet.
    62 | D:1      | Learned a level 1 spell: Freeze
   456 | D:1      | Reached skill level 1 in Stealth
   657 | D:2      | Reached XP level 3. HP: 26/26 MP: 3/3
   713 | D:2      | Reached ** piety under Vehumet
   713 | D:2      | Offered knowledge of Sandblast by Vehumet.
   714 | D:2      | Reached skill level 1 in Spellcasting
   714 | D:2      | Reached skill level 1 in Ice Magic
   871 | D:2      | Reached XP level 4. HP: 31/31 MP: 5/5
  1122 | D:2      | Identified a scroll of acquirement
  1124 | D:2      | Acquired the Tome of the Escort
  1418 | D:3      | Found a runed translucent door.
  1419 | D:3      | Noticed Crazy Yiuf
  1426 | D:3      | Killed Crazy Yiuf
  1600 | D:3      | Noticed Jessica
  1607 | D:3      | Killed Jessica
  1608 | D:3      | Reached skill level 1 in Air Magic
  1608 | D:3      | Reached XP level 5. HP: 36/36 MP: 5/7
  2379 | D:4      | Found a white marble altar of Elyvilon.
  2476 | D:4      | Noticed a lemure
  2477 | D:4      | Noticed a lemure
  2481 | D:4      | Reached skill level 1 in Staves
  2739 | D:4      | Noticed a yak
  2741 | D:4      | Noticed a yak
  2746 | D:4      | Noticed a yak
  2785 | D:4      | Found a blossoming altar of Fedhas.
  2786 | D:4      | Found a shimmering altar of Xom.
  2817 | D:4      | Noticed a lemure
  2828 | D:4      | Killed a lemure
  2835 | D:4      | Noticed a sky beast
  2838 | D:4      | Noticed Ijyb
  3043 | D:4      | Killed Ijyb
  3044 | D:4      | Reached XP level 6. HP: 32/42 MP: 7/9
  3273 | D:4      | Noticed Pikel
  3287 | D:4      | Slain by Pikel

Illustrated notes

Levels and vault maps discovered:
D:1:      grunt_arrival_crossed_arrows, layout_rooms,
          hellmonk_ecumenical_altar_dog_temple
D:2:      layout_basic
D:3:      minmay_inner_zag, layout_loops_cross, chequers_serial_rivers_micro_e,
          uniq_crazy_yiuf_cottage, uniq_jessica
D:4:      layout_basic, mainiacjoe_overflow_brackets,
          mainiacjoe_overflow_divided_tiny, serial_forest,
          infiniplex_forest_clump_diagonal, infiniplex_forest_lined_3_way,
          infiniplex_forest_lined_2, infiniplex_forest_lined_2,
          infiniplex_forest_clump_small, infiniplex_forest_side_room,
          infiniplex_forest_clump_C, infiniplex_forest_corner_1, uniq_pikel,
          uniq_ijyb

Skill      XL: |  1  2  3  4  5 |
---------------+----------------+-----
Stealth        | 1 2 |  2.3
Spellcasting   | 1 2 |  2.0
Ice Magic      | 1 2 |  2.0
Air Magic      | 1 |  1.7
Staves         | 1 |  1.0
Fighting       | |  3.4
Long Blades    | |  2.2
Dodging        | |  3.4
Shields        | |  3.5
Evocations     | |  0.5

Action                   |  1- 3 |  4- 6 || total
-------------------------+-------+-------++-------
Melee: Long sword        |    39 |       ||    39
       Constrict         |    11 |    27 ||    38
       Tentacles         |     8 |    29 ||    37
       Dagger            |     6 |    86 ||    92
       Punch             |     2 |     1 ||     3
       Staff             |       |    12 ||    12
 Cast: Freeze            |       |     4 ||     4
  Use: Scroll            |     2 |     8 ||    10
 Stab: Sleeping          |     3 |    10 ||    13
Armor: Skin              |     1 |     3 ||     4
Dodge: Dodged            |    28 |    29 ||    57
Block: Buckler           |     5 |    17 ||    22
